 Dungeon Sprint DCSS version 0.28-a0-313-gbc0475efdd (webtiles) character file.

Game seed: 1314988177408993001

3987 Ankalagon the Severer (level 10, -29/101 HPs)
             Began as a Hill Orc Gladiator on Aug 31, 2021.
             Was a Priest of Yredelemnul.
             Killed from afar by a crystal guardian (32 damage)
             ... with a crystal bolt
             ... in the Dungeon (Sprint II: "The Violet Keep of Menkaure").
             The game lasted 00:06:30 (877 turns).

Ankalagon the Severer (Hill Orc Gladiator)           Turns: 877, Time: 00:06:31

Health: -29/101    AC:  8    Str: 16    XL:     10   Next: 22%
Magic:  10/10      EV: 17    Int:  3    God:    Yredelemnul [***...]
Gold:   376        SH:  7    Dex: 16    Spells: 9/9 levels left

rFire   . . .      SeeInvis .   a - +0 war axe
rCold   . . .      Faith    .   i - +2 buckler
rNeg    . . .      Spirit   .   k - +1 ring mail of Baoj {rPois Regen+ Int-5 Dex+3}
rPois   +          Reflect  .   c - +0 helmet
rElec   .          Harm     .   (no cloak)
rCorr   .          Rampage  .   l - +0 pair of gloves
Will    .....      NoTele   +   (no boots)
Stlth   +.........              (no amulet)
HPRegen 1.26/turn               (no ring)
MPRegen 0.12/turn               (no ring)

@: on berserk cooldown, slowed, unable to read, very slow
A: clumsy 1, weak 1, inability to read while threatened
a: Renounce Religion, Recall Undead Slaves, Injury Mirror, Animate Dead


You were in the Dungeon.
You worshipped Yredelemnul.
Yredelemnul was most pleased with you.
You visited 1 branch You collected 1281 gold pieces.
You spent 905 gold pieces at shops.

Inventory:

Hand Weapons
 a - a +0 war axe (weapon)
Armour
 b - a +0 leather armour
 c - a +0 helmet (worn)
 g - the +0 ring mail of Trumpets {rN++}
   (You bought it in a shop in the Dungeon)

   rN:        It greatly protects you from negative energy.
 i - a +2 buckler (worn)
 k - the +1 ring mail of Baoj (worn) {rPois Regen+ Int-5 Dex+3}
   (You bought it in a shop in the Dungeon)

   Int:       It affects your intelligence (-5).
   Dex:       It affects your dexterity (+3).
   rPois:     It protects you from poison.
   Regen:     It increases your rate of health regeneration.
 l - a +0 pair of gloves (worn)
 x - a +2 buckler
Scrolls
 n - 2 scrolls of enchant weapon {unknown}
 p - a scroll of magic mapping {unknown}
 q - 5 scrolls of identify {unknown}
 s - a scroll of fog {unknown}
 t - a scroll of brand weapon {unknown}
 y - a scroll of amnesia {unknown}
 z - a scroll of enchant armour {unknown}
Potions
 e - 2 potions of curing
 h - 5 potions of magic
 o - 4 potions of flight {unknown}
 r - 3 potions of haste
 u - 2 potions of attraction {unknown}
 v - a potion of might {unknown}
 w - 3 potions of resistance {unknown}


   Skills:
 - Level 13.2 Fighting
 - Level 16.0 Axes
 - Level 1.7 Throwing
 + Level 13.3 Dodging
 - Level 4.0 Shields


You had 9 spell levels left.
You didn't know any spells.
Your spell library was empty.

Dungeon Overview and Level Annotations

Branches:
Dungeon (1/1)

Altars:
Cheibriados
Dithmenos
Elyvilon
Fedhas
Gozag
Hepliaklqana
Kikubaaqudgha
Makhleb
Nemelex Xobeh
Okawaru
Qazlal
Ru
Sif Muna
Trog
Uskayaw
Vehumet
Wu Jian
Xom
Yredelemnul
Zin
The Shining One
Beogh
Jiyva
Lugonu

Shops:
D :=[?!:=([!?!:?!

Annotations:
D exclusion: oklob plant


Innate Abilities, Weirdness & Mutations

You are clumsy. (Dex -2)
You are weak. (Str -2)
You sometimes lose the ability to read scrolls when taking damage.


Message History

The swamp drake is almost dead.
You hit the swamp drake but do no damage.
The swamp drake breathes poison at you. The noxious blast misses you.
You block the swamp drake's attack. The swamp drake bites you.
You slice the swamp drake!!
You kill the swamp drake!
Yredelemnul accepts your kill.
You hit the swamp drake but do no damage.
The swamp drake bites you but does no damage.
You slash the swamp drake!
The swamp drake is moderately wounded.
The swamp drake bites you but does no damage.
You hit the swamp drake.
The swamp drake is moderately wounded.
The swamp drake misses you.
You slash the swamp drake!
The swamp drake is severely wounded.
The swamp drake breathes poison at you. The noxious blast misses you.
You hit the swamp drake.
The swamp drake is severely wounded.
The swamp drake bites you.
You slice the swamp drake!!
You kill the swamp drake!
Yredelemnul accepts your kill.
The crystal guardian fires a crystalline bolt at you.
The crystal bolt freezes you!!!
Ouch! That really hurt!
* * * LOW HITPOINT WARNING * * *
Throw: throwing net
Press: ? - help, Q - select action, (/) - cycle Shift-Dir - straight line, f - crystal guardian
Aim: a crystal guardian (98% to hit)
You throw a throwing net.
The throwing net hits the crystal guardian.
The crystal guardian is caught in the net!
The crystal guardian fires a crystalline bolt at you.
The crystal bolt freezes you!!
You die...
Your body rises from the dead as a mindless zombie.

.#..# ...# #..†####▓...[...[▓▓
.#.####..## #..##.#▓..).).(.▓▓
#'###.##..# +..#..#▓[)[...((▓▓
#.##.###..# #..#..#▓..).....▓▓
.<.'##.'..####..##.#▓.....)..▓▓
#.##...#....###...##▓▓▓▓▓▓▓'▓▓▓▓+
#'###.##......≈≈)≈≈≈≈≈≈≈÷≈≈...X≈≈
.).####≈≈.....≈#9########'###.≈≈≈
.#..#≈≈≈≈≈≈≈..≈#@†._._._#§≈≈##≈≈≈
...##≈≈§≈≈≈≈≈.≈#_._._._.#§§§≈####
#'##≈≈≈≈§≈§§≈≈≈#._._._._#§§§≈≈#
≈≈≈≈≈≈≈§≈§§§§≈≈#_._._._.#§≈§≈≈≈#
+#+++#≈≈≈§§§≈§≈#._._._..#§≈§§≈§+


zzz° ##§≈§###§§#_._._...#≈≈≈≈≈§# zzz.°°##≈≈# #≈≈#._._....#§§§≈≈ °z○.°..+≈§#
#≈≈#.._.....#§§≈≈▓ ○°°...##≈≈≈§≈§§##########§≈≈≈▓ You could see a crystal
guardian (caught).

Vanquished Creatures
  2 death drakes (D)
  A merfolk siren (D)
  A yaktaur (D)
  3 polar bears (D)
  A hornet (D)
  4 neqoxecs (D)
  Menkaure (D)
  2 water moccasins (D)
  2 swamp drakes (D)
  4 necrophages (D)
  A scorpion (D)
  3 worms (D)
  2 tentacles (D)
27 creatures vanquished.

Vanquished Creatures (collateral kills)
  A water moccasin (D)
1 creature vanquished.

Vanquished Creatures (others)
  A water moccasin (D)
  2 polar bear zombies (D)
  A water moccasin zombie (D)
  A yaktaur zombie (D)
  12 tentacles (D)
17 creatures vanquished.

Grand Total: 45 creatures vanquished

Notes
Turn   | Place    | Note
-------+----------+-------------------------------------------
     0 | D        | Ankalagon the Hill Orc Gladiator began the quest for the
                  | Orb.
     0 | D        | Reached XP level 1. HP: 18/18 MP: 1/1
     1 | D        | Noticed a necrophage
     1 | D        | Noticed a necrophage
     1 | D        | Noticed a necrophage
     1 | D        | Noticed a necrophage
     8 | D        | Killed a necrophage
     9 | D        | Reached skill level 8 in Axes
     9 | D        | Reached XP level 2. HP: 34/34 MP: 2/2
     9 | D        | Reached XP level 3. HP: 39/39 MP: 3/3
     9 | D        | Reached XP level 4. HP: 47/47 MP: 4/4
    11 | D        | Killed a necrophage
    12 | D        | Reached skill level 10 in Axes
    12 | D        | Reached XP level 5. HP: 57/57 MP: 5/5
    15 | D        | Killed a necrophage
    16 | D        | Reached skill level 10 in Fighting
    16 | D        | Reached skill level 11 in Axes
    16 | D        | Reached XP level 6. HP: 67/67 MP: 6/6
    18 | D        | Killed a necrophage
    19 | D        | Reached skill level 12 in Axes
    32 | D        | Killed a water moccasin
   130 | D        | Noticed a merfolk siren
   140 | D        | Killed a merfolk siren
   141 | D        | Reached skill level 14 in Axes
   141 | D        | Reached XP level 7. HP: 79/79 MP: 7/7
   173 | D        | Noticed a flying skull
   173 | D        | Noticed a flying skull
   173 | D        | Noticed a flying skull
   173 | D        | Noticed a flying skull
   173 | D        | Noticed a flying skull
   173 | D        | Noticed a flying skull
   173 | D        | Noticed a flying skull
   173 | D        | Noticed a flying skull
   173 | D        | Noticed a flying skull
   174 | D        | Noticed a flying skull
   174 | D        | Noticed a flying skull
   175 | D        | Noticed a flying skull
   176 | D        | Found Seuriorch's Distillery.
   177 | D        | Found Leeleet's Magic Scroll Boutique.
   178 | D        | Found Nookk's Distillery.
   178 | D        | Found Pedeis's Magic Scroll Shop.
   179 | D        | Found Doason's Antique Armour Shop.
   179 | D        | Found Develuid's Antique Weapon Boutique.
   180 | D        | Found Retuin's Distillery.
   180 | D        | Found Muif's Magic Scroll Shop.
   180 | D        | Found Runuh's Jewellery Shop.
   181 | D        | Found Taockad's Jewellery Shop.
   181 | D        | Found Omiafuc's Distillery.
   181 | D        | Found Vuwno's Antique Armour Boutique.
   181 | D        | Noticed a slime creature
   182 | D        | Found Fethor's Book Shop.
   182 | D        | Found Govoacw's Book Boutique.
   184 | D        | Noticed Menkaure
   184 | D        | Noticed a slime creature
   184 | D        | Noticed a slime creature
   184 | D        | Noticed an oklob plant
   185 | D        | Found Lolihe Duled's Book Shoppe.
   195 | D        | Killed Menkaure
   196 | D        | Reached skill level 15 in Axes
   212 | D        | Reached XP level 8. HP: 74/86 MP: 8/8
   213 | D        | Noticed a manticore
   214 | D        | Noticed a manticore
   215 | D        | Noticed a manticore
   239 | D        | Bought a runed buckler for 202 gold pieces
   239 | D        | Bought a pitted ring mail for 243 gold pieces
   239 | D        | Identified the +1 ring mail of Baoj {rPois Regen+ Int-5
                  | Dex+3} (You bought it in a shop in the Dungeon)
   256 | D        | Bought a pair of gloves for 103 gold pieces
   263 | D        | Bought a potion of berserk rage for 50 gold pieces
   263 | D        | Bought a potion of heal wounds for 50 gold pieces
   263 | D        | Bought a potion of heal wounds for 50 gold pieces
   285 | D        | Lost intelligence.
   292 | D        | Gained mutation: You are weak. (Str -2) [a neqoxec]
   293 | D        | Reached skill level 5 in Dodging
   300 | D        | Gained mutation: You are clumsy. (Dex -2) [a neqoxec]
   302 | D        | Gained mutation: You sometimes lose the ability to read
                  | scrolls when taking damage. [a neqoxec]
   303 | D        | Reached skill level 16 in Axes
   355 | D        | Found a glowing golden altar of the Shining One.
   355 | D        | Found an ornate altar of the Wu Jian Council.
   355 | D        | Found a stormy altar of Qazlal.
   356 | D        | Found a shimmering altar of Xom.
   356 | D        | Found a sacrificial altar of Ru.
   357 | D        | Found a basalt altar of Yredelemnul.
   357 | D        | Found a shimmering blue altar of Sif Muna.
   357 | D        | Found a viscous altar of Jiyva.
   358 | D        | Found a glowing silver altar of Zin.
   358 | D        | Found a bloodstained altar of Trog.
   358 | D        | Found an ancient bone altar of Kikubaaqudgha.
   359 | D        | Found a hide-covered altar of Uskayaw.
   359 | D        | Found a corrupted altar of Lugonu.
   359 | D        | Found a shadowy altar of Dithmenos.
   359 | D        | Found a hazy altar of Hepliaklqana.
   359 | D        | Found a snail-covered altar of Cheibriados.
   360 | D        | Found a radiant altar of Vehumet.
   360 | D        | Found a burning altar of Makhleb.
   360 | D        | Found a white marble altar of Elyvilon.
   361 | D        | Found a sparkling altar of Nemelex Xobeh.
   361 | D        | Found a blossoming altar of Fedhas.
   363 | D        | Found an iron altar of Okawaru.
   363 | D        | Found an opulent altar of Gozag.
   363 | D        | Noticed a hornet
   363 | D        | Noticed a polar bear
   363 | D        | Noticed a polar bear
   364 | D        | Found a roughly hewn altar of Beogh.
   364 | D        | Noticed a yaktaur
   364 | D        | Noticed a polar bear
   367 | D        | Became a worshipper of Yredelemnul the Dark
   380 | D        | Killed a polar bear
   386 | D        | Killed a polar bear
   387 | D        | Reached XP level 9. HP: 73/93 MP: 9/9
   398 | D        | Killed a hornet
   398 | D        | Reached * piety under Yredelemnul
   407 | D        | Killed a yaktaur
   408 | D        | Reached skill level 10 in Dodging
   414 | D        | Killed a polar bear
   479 | D        | Noticed a kraken
   483 | D        | Reached ** piety under Yredelemnul
   533 | D        | Bought a jewelled ring mail for 207 gold pieces
   533 | D        | Identified the +0 ring mail of Trumpets {rN++} (You bought
                  | it in a shop in the Dungeon)
   831 | D        | Noticed a death drake
   833 | D        | Noticed a death drake
   842 | D        | Noticed a crystal guardian
   849 | D        | Killed a death drake
   850 | D        | Reached XP level 10. HP: 77/101 MP: 10/10
   857 | D        | Killed a death drake
   857 | D        | Reached *** piety under Yredelemnul
   865 | D        | HP: 3/101 [crystal guardian/crystal bolt (39)]
   876 | D        | HP: 1/101 [crystal guardian/crystal bolt (53)]
   877 | D        | Killed from afar by a crystal guardian

Illustrated notes

Levels and vault maps discovered:
D:        the_violet_keep_of_menkaure [sprint2_stairs_cluster_1,
          sprint2_shoproom, sprint2_temple, sprint2_basic_supplies,
          sprint2_obstacle_1, sprint2_obstacle_7, sprint2_obstacle_3,
          sprint2_obstacle_4, sprint2_obstacle_5, sprint2_timed_cluster_1,
          sprint2_smallroom_cluster_1, sprint2_smallroom_final_cluster_1,
          sprint2_transparent_cluster_1, sprint2_second_timed_cluster_1,
          sprint2_sniper_area_1, sprint2_heavy_combat_area_1,
          sprint2_mutation_trap_area_1, sprint2_forest_area_1,
          sprint2_light_combat_area_1, sprint2_behind_water_1,
          sprint2_near_end_vault_1]

Skill      XL: |  1  2  3  4  5  6  7  8  9 10 |
---------------+-------------------------------+-----
Fighting       | 7 9 10 13 | 13.2
Axes           | 8 10 11 14 15 16 | 16.0
Dodging        | 4 8 12 13 | 13.3
Shields        | 4 |  4.0
Throwing       | |  1.7

Action                   |  1- 3 |  4- 6 |  7- 9 | 10-12 || total
-------------------------+-------+-------+-------+-------++-------
Melee: War axe           |     5 |    17 |   125 |    17 ||   164
Throw: Throwing net      |       |     1 |     2 |     1 ||     4
Invok: Animate Remains   |       |       |     4 |       ||     4
  Use: Potion            |     1 |       |     2 |     3 ||     6
       Scroll            |       |       |       |     1 ||     1
 Stab: Held in net/web   |       |     3 |     1 |       ||     4
Armor: Leather armour    |     2 |     1 |     1 |       ||     4
       Ring mail         |       |       |    20 |     6 ||    26
Dodge: Dodged            |     2 |     4 |    64 |     9 ||    79
Block: Buckler           |       |       |    24 |     5 ||    29

Table legend: (Time is in decaauts)
 A = Elapsed time spent in this place.
 B = Non-inter-level travel time spent in this place.
 C = Inter-level travel time spent in this place.
 D = Time resting spent in this place.
 E = Time spent auto-exploring this place.
 F = Levels seen in this place.
 G = Mean time per level.
                   A        B        C        D        E       F      G
               +--------+--------+--------+--------+--------+-----+--------+
         Total |    898 |    879 |     19 |    256 |      0 |   1 |  898.0 |
       Dungeon |    898 |    879 |     19 |    256 |      0 |   1 |  898.0 |
               +--------+--------+--------+--------+--------+-----+--------+

Top non-repeatable levels by time:
       D: 898 daAuts
